 Dungeon Crawl Stone Soup version 0.23-a0-494-g91793a9 (webtiles) character file.

16 Lavandula the Sneak (level 2, 0/17 HPs)
             Began as a Halfling Enchanter on Dec 3, 2018.
             Was an Initiate of Ru.
             Slain by a gnoll
             ... wielding a +0 spear
              (2 damage)
             ... on level 2 of the Dungeon.
             The game lasted 00:03:16 (634 turns).

Lavandula the Sneak (Halfling Enchanter)             Turns: 634, Time: 00:03:17

Health: 0/17       AC:  2    Str:  9    XL:     2   Next: 75%
Magic:  4/4        EV: 15    Int: 13    God:    Ru [......]
Gold:   16         SH:  0    Dex: 14    Spells: 3/4 levels left

rFire    . . .     SeeInvis .   g - +2 mace (drain)
rCold    . . .     Gourm    .   (shield restricted)
rNeg     . . .     Faith    .   b - +0 robe
rPois    .         Spirit   .   (no helmet)
rElec    .         Reflect  .   (no cloak)
rCorr    .         Harm     .   (no gloves)
MR       .....                  (no boots)
Stlth    ++........             (no amulet)
HPRegen  0.05/turn              (no ring)
MPRegen  0.09/turn              (no ring)

@: no status effects
A: small, mutation resistance 1
a: Renounce Religion


You were on level 2 of the Dungeon.
You worshipped Ru.
Ru was noncommittal.
You were not hungry.

You visited 1 branch of the dungeon, and saw 3 of its levels.

You collected 16 gold pieces.

Inventory:

Hand Weapons
 a - a +1 dagger
 g - a +2 mace of draining (weapon)
Missiles
 f - 14 sling bullets
Armour
 b - a +0 robe (worn)
Scrolls
 e - a scroll of blinking {unknown}
Potions
 c - a potion of haste {unknown}
 h - a potion of invisibility {unknown}
Comestibles
 d - 2 rations


   Skills:
 + Level 3.1 Short Blades
 - Level 2.1 Dodging
 - Level 3.2 Stealth
 - Level 1.5 Spellcasting
 - Level 2.4 Hexes


You had 3 spell levels left.
You knew the following spells:

 Your Spells              Type           Power        Failure   Level  Hunger
a - Corona                Hex            #......      10%         1    ##.....

Your spell library contained the following spells:

 Spells                   Type           Power        Failure   Level  Hunger
 Ensorcelled Hibernation  Hex/Ice        #.....       24%         2    ###....
 Confuse                  Hex            #.......     30%         3    ####...
 Tukima's Dance           Hex            #.......     30%         3    ####...
 Dazzling Spray           Conj/Hex       #.....       43%         3    ####...


Dungeon Overview and Level Annotations

Branches:
Dungeon (3/15)

Altars:
Ru

Annotations:
D:1 1 runed door


Innate Abilities, Weirdness & Mutations

You are small and have problems with some larger weapons.
You are somewhat resistant to further mutation.


Message History

The gnoll is outlined in light.
A gnoll comes into view. It is wielding a +0 halberd.
A gnoll comes into view. It is wielding a +0 spear.
You start resting.
Magic restored.
You start waiting.
The gnoll is too close now for your liking.
You closely miss the gnoll. The gnoll hits you with a +0 halberd!
Ouch! That really hurt!
* * * LOW HITPOINT WARNING * * *
The gnoll completely misses you.
You barely miss the gnoll.
You hear a shout! x2
You sock the gnoll!
The gnoll is severely wounded.
The gnoll hits you but does no damage.
You barely miss the gnoll.
The gnoll is severely wounded.
The gnoll hits you with a +0 spear.
You die...

..........# #...#
..........# #...#
..........# #...#
##†..####...#
#..........##'
#.........g.g.....
#..##g##..........
######.####g###........
#......#.#@#.#........g
#..>...#..##.#.........
#......####)##.......##
#<.....###.###........
###...###.####
#....#.##..#
#...<#.#.#.#
#....##.#### #.....##_#


You could see a gnoll.

Vanquished Creatures
  A dart slug (D:1)
  A leopard gecko (D:2)
  A goblin (D:1)
  3 hobgoblins
  4 kobolds
  A bat (D:1)
  A frilled lizard (D:1)
  A rat (D:2)
13 creatures vanquished.

Notes
Turn   | Place    | Note
-------+----------+-------------------------------------------
     0 | D:1      | Lavandula the Halfling Enchanter began the quest for the
                  | Orb.
     0 | D:1      | Reached XP level 1. HP: 11/11 MP: 3/3
    17 | D:1      | Found a runed door.
   230 | D:1      | Reached XP level 2. HP: 13/17 MP: 4/4
   591 | D:2      | Found a sacrificial altar of Ru.
   595 | D:2      | Became a worshipper of Ru the Awakened
   634 | D:2      | Slain by a gnoll

Vault maps used:
D:1:      dpeg_arrival_caged_fury, minmay_misc_feat_hallway
D:2:      marbit_many_paths, first_ration
D:3:      grunt_temple_overflow_forces_of_nature, minmay_misc_feat_plants,
          nicolae_dithmenos_shadow_blocks, uniq_crazy_yiuf_cottage, uniq_ijyb,
          uniq_purgy

Skill      XL: |  1  2 |
---------------+-------+-----
Short Blades   | 2 3 |  3.1
Dodging        | |  2.1
Stealth        | |  3.2
Spellcasting   | |  1.5
Hexes          | |  2.4

Action                   || total
-------------------------++-------
Melee: Dagger            ||    11
       Mace              ||    17
 Cast: Corona            ||     2
 Stab: Sleeping          ||     4
Armor: Robe              ||     2
Dodge: Dodged            ||    12

Table legend:
 A = Non-vault XP
 B = Vault XP
 C = Vault XP percentage of total XP
 D = Non-vault monster count
 E = Vault monster count
 F = Vault count percentage of total count
                 A         B        C        D         E       F
            +---------+---------+-------+---------+---------+-------
      Total |      23 |       1 |   4.2 |      12 |       1 |   7.7
            +---------+---------+-------+---------+---------+-------
        D:1 |      14 |       0 |   0.0 |       7 |       0 |   0.0
        D:2 |       6 |       1 |  14.3 |       3 |       1 |  25.0
        D:3 |       3 |       0 |   0.0 |       2 |       0 |   0.0
            +---------+---------+-------+---------+---------+-------
